 Dungeon Crawl Stone Soup version 0.30.0-13-g156ef70053 (webtiles) character file.

Game seed: 2825700856087621305

32 jtron the Summoner (level 3, -2/25 HPs)
             Began as a Gnoll Wanderer on May 17, 2023.
             Asphyxiated
             ... on level 2 of the Dungeon.
             The game lasted 00:04:29 (1285 turns).

jtron the Summoner (Gnoll Wanderer)                 Turns: 1285, Time: 00:04:30

Health: -2/25      AC:  7    Str: 12    XL:     3   Next: 27%
Magic:  5/7        EV: 10    Int: 14    God:
Gold:   74         SH:  0    Dex:  9    Spells: 3/7 levels left

rFire   . .          .
                       - Unarmed
rCold   . . .        (no shield)
rNeg    . . .        b - +0 ring mail
rPois   .            (no helmet)
rElec   .            (no cloak)
rCorr   .            (no gloves)
SInv    .            f - +0 pair of boots
Will    .....        (no amulet)
Stlth   +            (no ring)
HPRegen 0.24/turn    (no ring)
MPRegen 0.10/turn

%: no passive effects
@: lethally poisoned (-2 -> -37), slowed, very slow
A: fangs 1, strong nose, distributed training
a: no special abilities


You were on level 2 of the Dungeon.
You visited 1 branch of the dungeon, and saw 2 of its levels.

You collected 74 gold pieces.

Inventory:

Hand Weapons
 a - a +0 sling
 p - a +0 hand axe of holy wrath
 q - a +0 club
Missiles
 g - 19 stones
Armour
 b - a +0 ring mail (worn)
 f - a +0 pair of boots (worn)
Scrolls
 c - 3 scrolls of fear
 d - a scroll of fog
 h - a scroll of brand weapon {unknown}
 i - 2 scrolls of enchant weapon {unknown}
 k - 3 scrolls of teleportation {unknown}
 n - 2 scrolls of enchant armour {unknown}
 o - 3 scrolls of amnesia {unknown}
Potions
 j - 2 potions of curing
 l - a potion of berserk rage


   Skills:
 + Level 0.7 Fighting
 + Level 0.7 Short Blades
 + Level 0.7 Long Blades
 + Level 0.7 Axes
 + Level 0.7 Maces & Flails
 + Level 0.7 Polearms
 + Level 0.7 Staves
 + Level 0.7 Ranged Weapons
 + Level 0.7 Throwing
 + Level 6.5 Armour
 + Level 0.7 Dodging
 + Level 0.7 Stealth
 + Level 0.7 Shields
 + Level 2.6 Unarmed Combat
 + Level 2.8 Spellcasting
 + Level 0.5 Conjurations
 + Level 0.5 Hexes
 + Level 8.7 Summonings
 + Level 0.5 Necromancy
 + Level 0.5 Translocations
 + Level 0.5 Transmutations
 + Level 0.5 Fire Magic
 + Level 0.5 Ice Magic
 + Level 0.5 Air Magic
 + Level 0.5 Earth Magic
 + Level 0.5 Poison Magic
 + Level 0.9 Invocations
 + Level 0.7 Evocations


You had 3 spell levels left.
You knew the following spells:

 Your Spells              Type           Power      Damage    Failure   Level
a - Summon Small Mammal   Summ           100%       N/A       1%          1
b - Summon Guardian Gole  Hex/Summ       15%        N/A       21%         3

Your spell library contained the following spells:

 Spells                   Type           Power      Damage    Failure   Level
 Portal Projectile        Hex/Tloc       6%         N/A       73%         3
 Tukima's Dance           Hex            3%         N/A       73%         3
 Animate Armour           Summ/Erth      30%        N/A       54%         4
 Blade Hands              Tmut           1%         N/A       100%        5


Dungeon Overview and Level Annotations

Branches:
Dungeon (2/15)

Altars:


Innate Abilities, Weirdness & Mutations

You have very sharp teeth.
Your uncanny sense of smell can sniff out nearby items.
Your experience applies equally to all skills.


Message History

A giant cockroach comes into view.
Casting: Summon Small Mammal (safe; 1% risk of failure)
Confirm with . or Enter, or press ? or * to list all spells.
Your bat hits the giant cockroach but does no damage.
The giant cockroach bites you but does no damage.
Your bat hits the giant cockroach but does no damage.
The giant cockroach bites you but does no damage.
Your bat hits the giant cockroach but does no damage.
You hit the giant cockroach but do no damage.
Your bat hits the giant cockroach.
Your quokka bites the giant cockroach.
The giant cockroach barely misses you.
Your quokka bites the giant cockroach.
You hit the giant cockroach.
You kill the giant cockroach!
You swap places.
Your quokka disappears in a puff of smoke!
g - 19 stones (gained 3)
You open the door.
Your bat disappears in a puff of smoke!
There is an open door here.
You see here a +0 dagger.
There is an open door here.
There is an open door here.
A kobold comes into view.
It is wielding a +0 short sword and quivering curare-tipped darts.
The kobold shouts!
Casting: Summon Small Mammal (safe; 1% risk of failure)
Confirm with . or Enter, or press ? or * to list all spells.
The kobold throws a curare-tipped dart.
The curare-tipped dart closely misses your quokka.
The curare-tipped dart hits you.
You are poisoned.
You have difficulty breathing.
You feel yourself slow down.
Casting: Summon Small Mammal (safe; 1% risk of failure)
Confirm with . or Enter, or press ? or * to list all spells.
You feel very sick.
The kobold throws a curare-tipped dart.
The curare-tipped dart barely misses your quokka.
The curare-tipped dart hits you.
You are more poisoned.
You have difficulty breathing.
You die...

## ... #.+# #...##
#....## ##
#.....## #.##
#......####...##.#
∆∆
#......'.r@.......
∆∆
#......####.rK##.#
#.....## ......#
#....## ####...
#######...## #.
........'##
########.# #.#
##.##


You could see a kobold (ally target), a friendly quokka (summoned) and a
friendly rat (summoned).

Vanquished Creatures
  An adder (D:2)
  A dart slug (D:1)
  A bat (D:2)
  A giant cockroach (D:2)
  A goblin (D:1)
  2 hobgoblins
  A kobold (D:1)
  2 frilled lizards (D:1)
10 creatures vanquished.

Vanquished Creatures (collateral kills)
  A ball python (D:1)
  An endoplasm (D:2)
  2 hobgoblins
  3 goblins
  2 kobolds (D:1)
  A rat (D:1)
10 creatures vanquished.

Grand Total: 20 creatures vanquished

Notes
Turn   | Place    | Note
-------+----------+-------------------------------------------
     0 | D:1      | jtron the Gnoll Wanderer began the quest for the Orb.
     0 | D:1      | jtron set off with the following items: a +0 club, a +0
                  | ring mail, a scroll of fear, a scroll of fog; and the
                  | following spell memorised: Summon Small Mammal; and the
                  | following spells available to memorise: Summon Guardian
                  | Golem, Animate Armour.
     0 | D:1      | Reached XP level 1. HP: 13/13 MP: 4/4
   131 | D:1      | Reached XP level 2. HP: 14/19 MP: 2/5
   923 | D:2      | Reached XP level 3. HP: 24/25 MP: 4/7
   929 | D:2      | Learned a level 3 spell: Summon Guardian Golem
  1285 | D:2      | Asphyxiated

Illustrated notes

Levels and vault maps discovered:
D:1:      minmay_arrival_open_corners, layout_loops_ring, columned_hall_lemuel,
          st_stairs_8, corexii_item_surrounded_by_moat, minmay_misc_feat_square,
          serial_bayou_pond_b
D:2:      layout_loops_corners, basic_altar, minivault_5

Action                     || total
---------------------------++-------
  Melee: Unarmed           ||    51
         Bite              ||     1
   Fire: Sling             ||     3
   Cast: Summon Small Mamm ||    30
    Use: Scroll            ||     3
 Armour: Ring mail         ||    26
  Dodge: Dodged            ||    32
